Unix NetHack Version 5.0.0-0 post-release - last build May  4 2026 22:22:43 (774f63e81ad911689b3a0859ea89b322d5daca8d,branch:main).

Game began 2026-05-05 17:46:26, ended 2026-05-05 18:11:02.

Eymerich, chaotic male elven Priest

    -----------       ----------       --------------
    |[[[[[[[[[|       |.........       |............|
    |[m@[[[[[[|      #-........|      #.............+
    |.......P@|      #|........|      #|............|
    ---------|-     ##|.........     ##--------------
             #      # --.-------    ##
             #    ###   ###         #
             #   ##       ##        #
             #   #         #       ##
             #  ##         #       #
             # ##          ###     #
             # #             #     #
       ------.-#            -.---- #
       |...>...#            |....| #
       |..{...|             |...`|##
       |......|             |...<-#
       --------             |.(..|
                            |....|
                            --+---

Eymerich the Acolyte         St:12 Dx:15 Co:14 In:10 Wi:16 Ch:8  Chaotic
Dlvl:5  $:4  HP:0(29) Pw:43(43) AC:6  Xp:4 T:1987 

Latest messages:
 The rock piercer bites!
 You miss the rock piercer.
 You hit the rock piercer.
 You kill the rock piercer!
 You see here a rock piercer corpse.
 There is a rock piercer corpse here; eat it? [ynq] (n)
 This rock piercer corpse is fatty.
 You hear the chime of a cash register.
 You finish eating the rock piercer corpse.
 You see here 3 gold pieces.
 $ - 3 gold pieces (4 in total).
 You hear the chime of a cash register.
 You find a hidden door.
 This door is locked.
 This door is locked.
 This door is locked.
 This door is locked.
 This door is locked.
 This door is locked.
 This door is locked.
 This door is locked.
 This door is locked.
 This door is locked.
 This door is locked.
 In what direction?
 As you kick the door, it crashes open!
 The door opens.
 "Hello, Eymerich!  Welcome to Ermenak's used armor dealership!"
 You see here a scale mail (for sale, 60 zorkmids).
 You see here a bronze plate mail (for sale, 533 zorkmids).
 You see here a studded leather armor (for sale, 20 zorkmids).
 You see here a robe (for sale, 67 zorkmids).
 You see here a banded mail (for sale, 120 zorkmids).
 You see here a blessed crude ring mail (for sale, 107 zorkmids).
 That bronze plate mail is a small mimic!
 The small mimic hits!
 You hit the small mimic!
 The small mimic hits!
 You miss the small mimic.
 You miss the small mimic.
 You miss the small mimic.
 You miss the small mimic.
 The small mimic hits!
 You hit the small mimic.
 You hit the small mimic.
 You hit the small mimic.
 The small mimic hits!
 You die...
 Ermenak gratefully inherits all your possessions.
 Do you want to see what you had when you died? [ynq] (y)

Inventory:
 Coins    ('$')
  $ - 4 gold pieces
 Weapons  (')')
  O - 2 +0 arrows
  K - 6 blessed +0 darts (at the ready)
  J - 10 +0 darts
  r - a +1 orcish dagger
  C - a +0 orcish dagger
  a - a blessed +1 mace (weapon in right hand)
 Armor    ('[')
  o - a +0 orcish helm
  q - a +0 orcish helm (being worn)
  c - a +0 small shield (being worn)
  b - a +0 robe (being worn)
 Comestibles  ('%')
  e - a clove of garlic
  z - a cram ration
  u - a food ration
  y - a pancake
  f - a sprig of wolfsbane
  m - 3 lichen corpses
 Scrolls  ('?')
  k - a scroll of enchant armor
  x - a scroll of magic mapping
  B - a scroll of remove curse
  A - a scroll of teleportation
 Spellbooks  ('+')
  h - a spellbook of detect food
  g - a spellbook of detect monsters
 Potions  ('!')
  p - a blessed potion of healing
  n - a potion of see invisible
  v - 2 potions of speed
  d - 4 potions of holy water
 Tools    ('(')
  j - a tooled horn
  i - a magic marker (0:21)

Eymerich the Priest's attributes:

Background:
 You were an Acolyte, a level 4 elven Priest.
 You were chaotic, on a mission for Anhur
 who was opposed by Ptah (lawful) and Thoth (neutral).
 You were right-handed.
 You were in the Dungeons of Doom, on level 5.
 You entered the dungeon 1987 turns ago.
 You had 90 experience points, 70 more were needed to attain level 5.

Basics:
 You had 0 out of 29 hit points.
 You had all 43 energy points (spell power).
 Your armor class was 6.
 Your wallet contained 4 zorkmids.
 Autopickup was off.

Final Characteristics:
 Your strength was 12 (limit:18).
 Your dexterity was 15 (limit:18).
 Your constitution was 14 (limit:16).
 Your intelligence was 10 (limit:20).
 Your wisdom was 16 (limit:20).
 Your charisma was 8 (limit:18).

Final Status:
 You weren't hungry.
 You were unencumbered.
 You were wielding a mace.
 You had basic skill with mace.

Final Attributes:
 You were devoutly aligned.
 You were sleep resistant.
 You had infravision.
 You were guarded.
 Your spell casting was enhanced by wearing a robe.
 You are dead.

Miscellaneous:
 You didn't encounter any bones levels.
 Total elapsed playing time was 24 minutes and 27 seconds.

Major events:
 Turn
    1: Eymerich the chaotic elven Priest entered the dungeon
  993: attained the rank of Acolyte (level 3)
 1059: entered the Gnomish Mines
 1987: killed by a small mimic

Spells:
 Name                 Level Category     Fail Retention
 detect monsters        1   divination     0%  76%-100%
 detect food            2   divination    62%  76%-100%

Skills:
 Fighting Skills
   bare handed combat [Unskilled]
 Weapon Skills
   club               [Unskilled]
   mace               [Basic]
   morning star       [Unskilled]
   flail              [Unskilled]
   hammer             [Unskilled]
   quarterstaff       [Unskilled]
   polearms           [Unskilled]
   spear              [Unskilled]
   trident            [Unskilled]
   lance              [Unskilled]
   bow                [Unskilled]
   sling              [Unskilled]
   crossbow           [Unskilled]
   dart               [Unskilled]
   shuriken           [Unskilled]
   boomerang          [Unskilled]
   unicorn horn       [Unskilled]
 Spellcasting Skills
   healing spells     [Unskilled]
   divination spells  [Unskilled]
   clerical spells    [Basic]

Voluntary challenges:
 Character rerolling was not enabled.
 You were illiterate.
 You never genocided any monsters.
 You never polymorphed an object.
 You never changed form.
 You used no wishes.
Achievements:
 You attained the rank of Acolyte.
 You entered the Gnomish Mines.
 You entered a shop.

 The Dungeons of Doom: levels 1 to 5
    Level 1: "iron bars"
    Level 2:
       Some fountains.
    Level 3: "vault"
       Stairs down to The Gnomish Mines.
    Level 4: "iron bars, vault"
       A weapon shop, a sink.
    Level 5: <- You were here.
       An armor shop, a sink.
       Final resting place for
          you, killed by a small mimic.
 The Gnomish Mines:
    Level 4:


Vanquished creatures:
  a rock piercer
  a floating eye
  a kitten
  2 orc zombies
  3 iguanas
  a large kobold
  a hobgoblin
  a giant rat
  3 cave spiders
  a yellow mold
  3 geckos
  2 jackals
  2 goblins
  a grid bug
  5 lichens
  a kobold zombie
  4 newts
33 creatures vanquished.

No species were genocided or became extinct.

Game over:
                       ----------
                      /          \
                     /    REST    \
                    /      IN      \
                   /     PEACE      \
                  /                  \
                  |     Eymerich     |
                  |       4 Au       |
                  |   killed by a    |
                  |   small mimic    |
                  |                  |
                  |                  |
                  |       2026       |
                 *|     *  *  *      | *
        _________)/\\_//(\/(/\)/\//\/|_)_______

Goodbye Eymerich the Priest...

You died in The Dungeons of Doom on dungeon level 5 with 564 points,
and 4 pieces of gold, after 1987 moves.
You were level 4 with a maximum of 29 hit points when you died.

